 Dungeon Crawl Stone Soup version 0.32-a0-630-g46d191b0ed (webtiles) character file.

Game seed: 17425689331186462483

9 Esekla the Sneak (level 2, 21/21 HPs)
             Began as an Octopode Delver on Mar 7, 2024.
             Quit the game on level 5 of the Dungeon.
             The game lasted 00:05:00 (295 turns).

Esekla the Sneak (Octopode Delver)                   Turns: 295, Time: 00:05:01

Health: 21/21      AC:  1    Str: 11    XL:     2   Next: 12%
Magic:  2/2        EV: 13    Int: 12    God:
Gold:   24         SH:  0    Dex: 13    Spells: 1/1 levels left

rFire   . . .        a - +0 falchion
rCold   . . .        (no shield)
rNeg    . . .        (helmet restricted)
rPois   .            (no amulet)
rElec   .            c - ring of willpower
rCorr   .            (no ring)
SInv    .            (no ring)
Will    +....        (no ring)
Stlth   ++++         (no ring)
HPRegen 0.23/turn    (no ring)
MPRegen 0.08/turn    (no ring)
                     (no ring)

%: no passive effects
@: no status effects
A: almost no armour, amphibious, 8 rings, camouflage 1, gelatinous body 1,
(nimble swimmer 1), tentacles
a: no special abilities


You were on level 5 of the Dungeon.
You visited 1 branch of the dungeon, and saw 1 of its levels.

You collected 24 gold pieces.

Inventory:

Hand Weapons
 a - a +0 falchion (weapon)
Jewellery
 c - a ring of willpower (left tentacle)
Wands
 f - a wand of digging (3)
Scrolls
 b - 2 scrolls of fog
 d - a scroll of fear
 j - a scroll of vulnerability {unknown}
 k - a scroll of blinking {unknown}
Potions
 e - a potion of haste
 g - a potion of heal wounds {unknown}
 h - 2 potions of lignification {unknown}
 i - a potion of attraction {unknown}
 l - a potion of curing {unknown}


   Skills:
 * Level 3.0 Fighting
 + Level 2.0 Long Blades
 * Level 2.0 Dodging
 + Level 7.1 Stealth


You had one spell level left.
You didn't know any spells.
Your spell library contained the following spells:

 Spells                   Type           Power      Damage    Failure   Level
 Summon Small Mammal      Summ           0%         N/A       32%         1
 Call Canine Familiar     Summ           0%         N/A       69%         3
 Summon Blazeheart Golem  Fire/Summ      0%         N/A       97%         4


Dungeon Overview and Level Annotations

Branches:
Dungeon (5/15)
 Temple: D:4-7

Altars:
Elyvilon
Qazlal
Ru
Uskayaw
Zin


Innate Abilities, Weirdness & Mutations

You cannot wear most types of armour.
You are amphibious.
You can wear up to eight rings at the same time.
Your skin changes colour to match your surroundings (Stealth+).
Your rubbery body absorbs attacks. (AC +1, EV +1)
((You are camouflaged when in or above water. (Stealth+)))
You have tentacles for arms and can constrict up to eight enemies at once.


Message History

Found 5 stones.
Found a stone staircase leading up.
An adder comes into view.
Found a puce potion.
Found a scroll labelled NOOBLA GEANI.
The adder hisses angrily.
You closely miss the adder. Your grab misses the adder.
The adder barely misses you.
You miss the adder. You grab the adder. You squeeze the adder.
The adder is heavily wounded.
You constrict the adder.
You kill the adder!
Your Stealth skill increases to level 7!
You have reached level 2!
i - a puce potion You see here an adder corpse.
j - a scroll labelled NOOBLA GEANI You open the door.
There is an open door here.
Found 12 gold pieces.
Found a scroll labelled MEDIEBRUXE.
k - a scroll labelled MEDIEBRUXE
Found a scroll of fog.
You now have 24 gold pieces (gained 12).
Found an amethyst potion.
b - 2 scrolls of fog (gained 1)
A gnoll bouda and 2 gnolls come into view.
l - an amethyst potion
Found a stone staircase leading down.
Found a stone staircase leading down.
You open the door.
Found a glowing silver altar of Zin.
Found a sacrificial altar of Ru.
A howler monkey comes into view.
Found a pair of boots.
Found a cloak.
Found an amethyst potion.
An iguana comes into view.
Found a stormy altar of Qazlal.
Are you sure you want to abandon this character and quit the game? (Confirm with "yes".)

#.#........>......##.#
#.###.###.#.#####.##.#
*.......#.#.#####.##.#
*.#######.#.#####.##.#
*.#######.#..........#
*########.#######.####
,,........#######.#
********#########.#
,,,,,,,,,.......@.#
*********########.#
#.# #.# #.# ###


There were no monsters in sight!

Vanquished Creatures
  An adder (D:5)
1 creature vanquished.

Notes
Turn   | Place    | Note
-------+----------+-------------------------------------------
     0 | D:5      | Esekla the Octopode Delver began the quest for the Orb.
     0 | D:5      | Reached XP level 1. HP: 16/16 MP: 1/1
    48 | D:5      | Found a hide-covered altar of Uskayaw.
    71 | D:5      | Noticed an iguana
    92 | D:5      | Found a white marble altar of Elyvilon.
   128 | D:5      | Reached skill level 7 in Stealth
   128 | D:5      | Reached XP level 2. HP: 21/21 MP: 2/2
   217 | D:5      | Found a glowing silver altar of Zin.
   228 | D:5      | Found a sacrificial altar of Ru.
   229 | D:5      | Noticed a howler monkey
   245 | D:5      | Found a stormy altar of Qazlal.
   295 | D:5      | Quit the game

Illustrated notes

Levels and vault maps discovered:
D:5:      layout_basic, elyvilon_altar_1, nicolae_ru_awakened_eye, zin_statuary,
          grunt_qazlal_clouds, eat_drink_and_be_merry_uskayaw

Skill      XL: |  1 |
---------------+----+-----
Stealth        | 7 |  7.1
Fighting       | |  3.0
Long Blades    | |  2.0
Dodging        | |  2.0

Action                     || total
---------------------------++-------
  Melee: Falchion          ||     2
         Constrict         ||     1
         Tentacles         ||     1
    Use: Scroll            ||     1
  Dodge: Dodged            ||     1

Table legend: (Time is in decaauts)
 A = Elapsed time spent in this place.
 B = Non-inter-level travel time spent in this place.
 C = Inter-level travel time spent in this place.
 D = Time resting spent in this place.
 E = Time spent auto-exploring this place.
 F = Levels seen in this place.
 G = Mean time per level.
                   A        B        C        D        E       F      G
               +--------+--------+--------+--------+--------+-----+--------+
         Total |    294 |    294 |      0 |      0 |      0 |   1 |  294.0 |
       Dungeon |    294 |    294 |      0 |      0 |      0 |   1 |  294.0 |
               +--------+--------+--------+--------+--------+-----+--------+

Top non-repeatable levels by time:
     D:5: 294 daAuts
